 Dungeon Crawl Stone Soup version 0.24-a0-201-gf205589 (console) character file.

Game seed: 4084492146581276882

10 bli the Slasher (level 2, 0/25 HPs)
             Began as a Barachi Monk on Mar 23, 2019.
             Slain by a jackal (1 damage)
             ... on level 1 of the Dungeon.
             The game lasted 00:01:13 (242 turns).

bli the Slasher (Barachi Monk)                       Turns: 242, Time: 00:01:14

Health: 0/25       AC:  2    Str: 12    XL:     2   Next: 20%
Magic:  2/2        EV: 14    Int: 10    God:
Gold:   22         SH:  0    Dex: 14    Spells: 1/1 levels left

rFire    . . .     SeeInvis .   a - +0 falchion
rCold    . . .     Gourm    .   (no shield)
rNeg     . . .     Faith    .   b - +0 robe
rPois    .         Spirit   .   (no helmet)
rElec    .         Reflect  .   (no cloak)
rCorr    .         Harm     .   (no gloves)
MR       .....                  (no boots)
Stlth    ++........             (no amulet)
HPRegen  0.08/turn              (no ring)
MPRegen  0.08/turn              (no ring)

@: slow
A: +LOS, swims, slowness 1, strong legs 1
a: Hop


You were on level 1 of the Dungeon.
You were not hungry.

You visited 1 branch of the dungeon, and saw 1 of its levels.

You collected 22 gold pieces.

Inventory:

Hand Weapons
 a - a +0 falchion (weapon)
Missiles
 d - 23 stones (quivered)
Armour
 b - a +0 robe (worn)
Scrolls
 e - a scroll of remove curse {unknown}
Comestibles
 c - 3 rations
 f - 2 chunks of flesh


   Skills:
 + Level 3.7 Fighting
 * Level 4.0 Long Blades
 * Level 3.6 Dodging
 - Level 1.7 Stealth


You had one spell level left.
You didn't know any spells.
Your spell library was empty.

Dungeon Overview and Level Annotations

Branches:
Dungeon (1/15)

Altars:


Innate Abilities, Weirdness & Mutations

Shadows flee at your approach. (+LOS)
You can swim through water.
You cover ground slowly.
You can hop short distances.


Message History

* * * LOW HITPOINT WARNING * * *
The jackal completely misses you. The jackal misses you.
The jackal closely misses you.
You riposte.
You miss the jackal.
The jackal is almost dead.
The jackal completely misses you.
Things that are here:
a +0 club; a goblin skeleton The jackal barely misses you.
You hit the jackal.
You kill the jackal!
The jackal bites you but does no damage.
You hit the jackal.
You kill the jackal!
Your Long Blades skill increases to level 4!
The jackal completely misses you.
You hit the jackal.
The jackal is severely wounded.
The jackal bites you.
* * * LOW HITPOINT WARNING * * *
The gnoll misses you. The jackal bites you.
You die...

#.#.# ..# #### ####.#.####..##
######..## ....#.#......#
##........# ###...........#
#........<#
#.....##.##.#.####..####..###
#.#.......รท.....##..########.
#.#####...#.#.####.......####
##.## #.........###.......# #...#
#...g...#.# ######..# #...#
##.##h.##.# ######..# #...#
#)###@##.###.......# #...# #h#
#.##.##.......#### #...#####.#
#.##.##..###### #. ####........g#
#....##..###### ##
.............###.##.##.......##
.............##.....###.......#
.............##...### ######..###
##.#.....##.##..>..## ######..##.
##.#........#.......###.......###
##.#.....#####.....###.......##
##.#.....# ##....###..###### ##


You could see a gnoll and a jackal.

Vanquished Creatures
  A goblin (D:1)
  A hobgoblin (D:1)
  3 jackals (D:1)
  2 bats (D:1)
  A frilled lizard (D:1)
  A rat (D:1)
9 creatures vanquished.

Notes
Turn   | Place    | Note
-------+----------+-------------------------------------------
     0 | D:1      | bli the Barachi Monk began the quest for the Orb.
     0 | D:1      | Reached XP level 1. HP: 18/18 MP: 1/1
   208 | D:1      | Reached XP level 2. HP: 7/25 MP: 2/2
   230 | D:1      | HP: 1/25 [jackal (1)]
   240 | D:1      | Reached skill level 4 in Long Blades
   242 | D:1      | HP: 1/25 [jackal (1)]
   242 | D:1      | Slain by a jackal

Levels and vault maps discovered:
D:1:      minmay_arrival_wavy_path, layout_loops_cross, minivault_5,
          minmay_tromino_v4_a

Skill      XL: |  1  2 |
---------------+-------+-----
Long Blades    | 4 |  4.0
Fighting       | |  3.7
Dodging        | |  3.6
Stealth        | |  1.7

Action                   || total
-------------------------++-------
Melee: Falchion          ||    15
Armor: Robe              ||     2
Dodge: Dodged            ||    35
       Rpst.: Falchion   ||    11

Table legend:
 A = Non-vault XP
 B = Vault XP
 C = Vault XP percentage of total XP
 D = Non-vault monster count
 E = Vault monster count
 F = Vault count percentage of total count
                 A         B        C        D         E       F
            +---------+---------+-------+---------+---------+-------
      Total |      11 |       4 |  26.7 |       7 |       2 |  22.2
            +---------+---------+-------+---------+---------+-------
        D:1 |      11 |       4 |  26.7 |       7 |       2 |  22.2
            +---------+---------+-------+---------+---------+-------
